 Dungeon Crawl Stone Soup version 0.30-a0-371-gad7725a93e (webtiles) character file.

Game seed: 15003075812824552163

280 NinjaNoafa the Chopper (level 6, -3/51 HPs)
             Began as a Minotaur Fighter on Nov 22, 2022.
             Killed by divine providence
             ... invoked by an orc priest
              (15 damage)
             ... on level 4 of the Dungeon.
             The game lasted 00:03:56 (2227 turns).

NinjaNoafa the Chopper (Minotaur Fighter)           Turns: 2227, Time: 00:03:56

Health: -3/51      AC:  9    Str: 27    XL:     6   Next: 5%
Magic:  5/5        EV:  9    Int:  5    God:
Gold:   111        SH:  4    Dex: 11    Spells: 5/5 levels left

rFire   . . .      SeeInvis .    a - +0 war axe
rCold   . . .      Faith    .    c - +0 buckler
rNeg    . . .      Spirit   .    b - +0 scale mail
rPois   .          Reflect  .    (helmet restricted)
rElec   .          Harm     .    (no cloak)
rCorr   .          Rampage  .    s - +0 pair of gloves
Will    +....                    i - +0 pair of boots
Stlth   ..........               j - amulet of magic regeneration
HPRegen 0.28/turn                m - +6 ring of strength
MPRegen 0.49/turn                w - ring of willpower

@: attractive
A: horns 2, retaliatory headbutt
a: no special abilities


You were on level 4 of the Dungeon.
You visited 1 branch of the dungeon, and saw 4 of its levels.

You collected 111 gold pieces.

Inventory:

Hand Weapons
 a - a +0 war axe (weapon)
Missiles
 h - 59 stones (quivered)
 k - 2 atropa-tipped darts
 r - 5 silver javelins
 A - 8 poisoned darts
Armour
 b - a +0 scale mail (worn)
 c - a +0 buckler (worn)
 i - a +0 pair of boots (worn)
 s - a +0 pair of gloves (worn)
Jewellery
 j - an amulet of magic regeneration (around neck)
 m - a +6 ring of strength (left hand)
 w - a ring of willpower (right hand)
Scrolls
 p - 2 scrolls of teleportation {unknown}
 q - a scroll of fog {unknown}
 u - 2 scrolls of immolation {unknown}
 v - 2 scrolls of amnesia {unknown}
 x - a scroll of brand weapon {unknown}
 y - a scroll of enchant weapon {unknown}
Potions
 d - a potion of might
 f - a potion of resistance
 g - a potion of degeneration
 l - 2 potions of cancellation
 o - 2 potions of curing
 t - 2 potions of flight
 z - a potion of mutation


   Skills:
 - Level 3.6 Fighting
 + Level 7.7 Axes
 - Level 3.6 Armour
 - Level 3.6 Shields


You had 5 spell levels left.
You didn't know any spells.
Your spell library contained the following spells:

 Spells                   Type           Power      Damage    Failure   Level
 Sandblast                Erth           0%         2d4       83%         1
 Slow                     Hex            0%         N/A       83%         1
 Blink                    Tloc           0%         N/A       93%         2
 Cigotuvi's Dreadful Rot  Necr/Pois/Air  0%         N/A       93%         2
 Momentum Strike          Conj/Tloc      0%         3d8       93%         2
 Passwall                 Tmut/Erth      0%         N/A       93%         2
 Sublimation of Blood     Necr           0%         N/A       93%         2
 Wereblood                Tmut           0%         N/A       93%         2
 Confusing Touch          Hex            0%         N/A       99%         3
 Inner Flame              Hex/Fire       0%         N/A       99%         3
 Lesser Beckoning         Tloc           0%         N/A       99%         3
 Spider Form              Tmut/Pois      0%         N/A       99%         3
 Stone Arrow              Conj/Erth      0%         3d7       99%         3
 Vampiric Draining        Necr           0%         2d6       99%         3
 Flame Wave               Conj/Fire      0%         2d4       100%        4
 Olgreb's Toxic Radiance  Pois           0%         N/A       100%        4
 Sticky Flame             Conj/Fire      0%         2d3       100%        4
 Summon Hydra             Summ           0%         N/A       100%        7


Dungeon Overview and Level Annotations

Branches:
Dungeon (4/15)
 Temple: D:4-7

Altars:
Wu Jian

Shops:
D:2 [


Innate Abilities, Weirdness & Mutations

You have a pair of horns on your head.
You reflexively headbutt those who attack you in melee.


Message History

You have reached level 6!
You hit the orc.
The orc is heavily wounded.
You barely miss the orc. The orc hits you with a +0 flail.
You block the orc's attack.
You barely miss the orc. You headbutt the orc.
You kill the orc!
You hit the orc.
You kill the orc!
The orc priest is attracted toward you.
You hit the goblin.
You kill the goblin!
You closely miss the orc. The orc completely misses you.
The orc priest looks satisfied for a moment.
Unknown command.
The orc hits you with a +4 flail of holy wrath.
You block the orc priest's attack.
Items here: ))) ††.
The orc priest hits you with a +0 flail.
You barely miss the orc priest. You completely miss the orc.
The orc hits you with a +4 flail of holy wrath.
The orc priest hits you with a +0 flail.
* * * LOW HITPOINT WARNING * * *
You hit the orc priest. Your headbutt misses the orc priest.
The orc priest is lightly wounded.
You hit the orc.
The orc hits you with a +4 flail of holy wrath.
* * * LOW HITPOINT WARNING * * *
The orc priest hits you but does no damage.
You slash the orc priest!
The orc priest is almost dead.
You slash the orc!
You kill the orc!
The orc priest hits you with a +0 flail.
* * * LOW HITPOINT WARNING * * *
You barely miss the orc priest.
The orc priest is almost dead.
The orc priest invokes the aid of Beogh against you.
Beogh smites you!
You die...

*,<,,,,,,,,...##...)...###..
*,,,..,*****#..........#,,..
*,,,...* ####...)...#,,,.
*****..#** #.......#,,,.
**...* #.......#,,,,
**#.#######....####,,,,
#...#)....#### *,,,,
**#.o)#####******,,,, #.@##
**,,,*,,,,,, #..#*
**,,,,,,*,,,,
*#...***,,,,,,,,,,,,
*..#..**,,,,,,,,,,,,
*********#.#*#..,,,,,,,,,*,*,
*,,,,,**,..**,...,,,,,,*,,,*,
*,,,,,,,.##**,....,,,,,,,***,
*,,,,,*##***,,*....,,,,,,***,
*,,,,,,,,,,,,,*,,,,,,,,,***,,


You could see an orc priest.

Vanquished Creatures
  A phantom (D:4)
  A scorpion (D:3)
  An orc priest (D:4)
  A hound skeleton (D:3)
  4 adders
  An adder zombie (D:3)
  2 worms
  2 dart slugs
  5 orcs
  2 ball pythons
  5 bats
  A giant cockroach (D:2)
  5 goblins
  5 hobgoblins (D:3)
  7 jackals
  4 quokkas
  5 frilled lizards
  7 kobolds
  3 rats
62 creatures vanquished.

Vanquished Creatures (others)
  5 withered plants (D:3)
5 creatures vanquished.

Grand Total: 67 creatures vanquished

Notes
Turn   | Place    | Note
-------+----------+-------------------------------------------
     0 | D:1      | NinjaNoafa the Minotaur Fighter began the quest for the
                  | Orb.
     0 | D:1      | Reached XP level 1. HP: 19/19 MP: 0/0
    43 | D:1      | Reached skill level 3 in Axes
   139 | D:1      | Reached XP level 2. HP: 26/26 MP: 1/1
   753 | D:2      | Reached skill level 4 in Axes
   760 | D:2      | Reached XP level 3. HP: 28/31 MP: 2/2
   851 | D:2      | Found Falar's Antique Armour Boutique.
   927 | D:2      | Found an ornate altar of the Wu Jian Council.
  1235 | D:2      | Reached skill level 5 in Axes
  1401 | D:3      | Reached XP level 4. HP: 38/39 MP: 3/3
  1796 | D:3      | Reached skill level 6 in Axes
  1806 | D:3      | Got Iroeq's Disquisition on Pollution
  1939 | D:3      | Noticed a scorpion
  1941 | D:3      | Killed a scorpion
  1942 | D:3      | Reached XP level 5. HP: 45/45 MP: 4/4
  2086 | D:4      | Noticed a phantom
  2095 | D:4      | Killed a phantom
  2096 | D:4      | Reached skill level 7 in Axes
  2219 | D:4      | Reached XP level 6. HP: 22/51 MP: 5/5
  2227 | D:4      | Killed from afar by an orc priest

Illustrated notes

Levels and vault maps discovered:
D:1:      minmay_arrival_up_and_down, layout_loops_ring
D:2:      layout_basic, serial_shops, nicolae_shop_stone, basic_altar
D:3:      layout_loops_ring, serial_undead, serial_undead_b, serial_undead_b,
          serial_undead_c, serial_undead_f
D:4:      layout_rooms, serial_shops, nicolae_shop_behind_doors

Skill      XL: |  1  2  3  4  5 |
---------------+----------------+-----
Axes           | 3 4 5 6 7 |  7.7
Fighting       | |  3.6
Armour         | |  3.6
Shields        | |  3.6

Action                   |  1- 3 |  4- 6 || total
-------------------------+-------+-------++-------
Melee: War axe           |    73 |    69 ||   142
       Headbutt          |     8 |     9 ||    17
  Use: Potion            |       |     2 ||     2
       Scroll            |       |     7 ||     7
Armor: Scale mail        |    32 |    34 ||    66
Dodge: Dodged            |    54 |    20 ||    74
Block: Buckler           |    19 |    18 ||    37

Table legend: (Time is in decaauts)
 A = Elapsed time spent in this place.
 B = Non-inter-level travel time spent in this place.
 C = Inter-level travel time spent in this place.
 D = Time resting spent in this place.
 E = Time spent auto-exploring this place.
 F = Levels seen in this place.
 G = Mean time per level.
                   A        B        C        D        E       F      G
               +--------+--------+--------+--------+--------+-----+--------+
         Total |   2266 |   2118 |    148 |      0 |   1602 |   4 |  566.5 |
       Dungeon |   2266 |   2118 |    148 |      0 |   1602 |   4 |  566.5 |
               +--------+--------+--------+--------+--------+-----+--------+

Top non-repeatable levels by time:
     D:3: 733 daAuts
     D:1: 703 daAuts
     D:2: 684 daAuts
     D:4: 145 daAuts
